 Dungeon Crawl Stone Soup version 0.30-a0-365-ge7f957f1db (webtiles) character file.

Game seed: 15307028477093407089

69 RascalDebosk the Magician (level 4, -9/31 HPs)
             Began as a Djinni Hedge Wizard on Nov 16, 2022.
             Mangled by Terence
             ... wielding a +0 flail
              (10 damage)
             ... on level 3 of the Dungeon.
             The game lasted 00:15:49 (1929 turns).

RascalDebosk the Magician (Djinni Hedge Wizard)     Turns: 1929, Time: 00:15:49

Health: -9/31      AC:  2    Str: 15    XL:     4   Next: 42%
Gold:   133        EV: 12    Int: 18    God:
                   SH:  0    Dex: 12

rFire   + + .      SeeInvis .    g - +0 falchion
rCold   . . .      Faith    .    (no shield)
rNeg    . . .      Spirit   .    b - +0 robe
rPois   ∞          Reflect  .    c - +0 hat
rElec   .          Harm     .    (no cloak)
rCorr   .          Rampage  .    (no gloves)
Will    .....                    (boots unavailable)
Stlth   ++........               (no amulet)
HPRegen 0.25/turn                k - +6 ring of strength
MPRegen 0.00/turn                f - ring of protection from cold

@: flying
A: sickness immunity, fire resistance 2, cold vulnerability 1, float, innate
caster, HP casting, extra vitality 1
a: no special abilities


You were on level 3 of the Dungeon.
You visited 1 branch of the dungeon, and saw 3 of its levels.

You collected 133 gold pieces.

Inventory:

Hand Weapons
 g - a +0 falchion (weapon)
 s - a +0 dagger
Armour
 b - a +0 robe (worn)
 c - a +0 hat (worn)
Jewellery
 f - a ring of protection from cold (right hand)
 k - a +6 ring of strength (left hand)
Scrolls
 d - 2 scrolls of fog {unknown}
 e - a scroll of enchant weapon {unknown}
 h - a scroll of vulnerability {unknown}
 i - a scroll of acquirement {unknown}
 j - 2 scrolls of teleportation {unknown}
Potions
 a - 3 potions of curing {unknown}
 l - a potion of heal wounds {unknown}
 m - 2 potions of brilliance {unknown}


   Skills:
 - Level 2.1 Dodging
 - Level 1.5 Stealth
 + Level 3.8 Spellcasting


You couldn't memorise any spells.
You knew the following spells:

 Your Spells              Type           Power      Damage    Failure   Level
a - Magic Dart            Conj           68%        1d6       3%          1
b - Slow                  Hex            68%        N/A       3%          1
c - Blink                 Tloc           34%        N/A       4%          2
d - Call Imp              Summ           17%        N/A       4%          2
e - Cigotuvi's Dreadful   Necr/Pois/Air  34%        N/A       4%          2
f - Mephitic Cloud        Conj/Pois/Air  17%        N/A       9%          3
g - Shock                 Conj/Air       68%        1d7       3%          1
Your spell library was empty.

Dungeon Overview and Level Annotations

Branches:
Dungeon (3/15)

Altars:

Annotations:
D:3 Terence


Innate Abilities, Weirdness & Mutations

You are immune to sickness and miasma.
You are immune to poison.
Your flesh is very heat resistant. (rF++)
You are vulnerable to cold. (rC-)
You float through the air rather than walking.
You learn spells naturally, not from books.
Your magical power is your life essence.
You have superior vitality. (+4 MHP)


Message History

A frilled lizard comes into view.
Aiming: Shock (safe; 3% risk of failure)
Press: ? - help, Q - select action, (/) - cycle Shift-Dir - straight line, f - frilled lizard
Aim: a frilled lizard (asleep, 100% to hit)
The zap hits the frilled lizard.
You kill the frilled lizard!
You reach down and open the door.
There is an open door here.
Found an ancient bone altar of Kikubaaqudgha.
m - 2 cyan potions Done exploring.
Done exploring.
Done exploring.
There is a stone staircase leading up here.
There is a stone staircase leading down here.
You fly downwards.
There is a stone staircase leading up here.
Found 3 poisoned darts.
Found a ring mail.
Found a stone staircase leading down.
You see here 3 poisoned darts.
A quokka comes into view.
Aiming: Shock (safe; 3% risk of failure)
Press: ? - help, Q - select action, (/) - cycle Shift-Dir - straight line, f - quokka
Aim: a quokka (wandering, hasn't noticed you, 60% to hit)
The zap hits the quokka.
The quokka is heavily wounded.
Aiming: Shock (safe; 3% risk of failure)
Press: ? - help, Q - select action, (/) - cycle Shift-Dir - straight line, f/p - quokka
Aim: a quokka (heavily wounded, 60% to hit)
The zap misses the quokka.
The zap hits the quokka.
You kill the quokka!
HP restored.
A dart slug comes into view.
A dart slug is nearby!
Aiming: Shock (safe; 3% risk of failure)
Press: ? - help, Q - select action, (/) - cycle Shift-Dir - straight line, f - dart slug
Aim: a dart slug (asleep, 100% to hit)
The zap hits the dart slug.
The dart slug is heavily wounded.
Aiming: Shock (safe; 3% risk of failure)
Press: ? - help, Q - select action, (/) - cycle Shift-Dir - straight line, f/p - dart slug
Aim: a dart slug (heavily wounded, 100% to hit)
The zap hits the dart slug.
The dart slug is almost dead.
Aiming: Shock (safe; 3% risk of failure)
Press: ? - help, Q - select action, (/) - cycle Shift-Dir - straight line, f/p - dart slug
Aim: a dart slug (almost dead, 100% to hit)
The zap hits the dart slug!
You kill the dart slug!
You see here a dart slug corpse.
Terence the Incautious comes into view.
He is wielding a +0 flail.
Casting: Shock (safe; 3% risk of failure)
Confirm with . or Enter, or press ? or * to list all spells.
The spell is quite dangerous to miscast (9% risk of failure)!
Continue anyway?
Aiming: Mephitic Cloud (quite dangerous; 9% risk of failure)
Press: ? - help, Shift-Dir - straight line, f - Terence
Aim: Terence, wielding a +0 flail and wearing a +0 chain mail (asleep, chance to affect: 91%)
The ball explodes into a vile cloud!
The stinking cloud engulfs Terence but does no damage.
Terence is engulfed in noxious fumes.
Terence closely misses you.
You hit Terence but do no damage. Terence misses you.
You hit Terence but do no damage. You hit Terence but do no damage.
Terence hits you with a +0 flail.
You catch the helpless Terence completely off-guard!
You slash Terence!
Terence is moderately wounded.
Terence looks very confused.
You barely miss Terence.
Terence is moderately wounded.
Terence completely misses you.
You hit Terence.
Terence is heavily wounded.
You hit Terence but do no damage.
Terence is heavily wounded.
Terence hits you with a +0 flail.
Terence hits himself with a +0 flail.
You hit Terence but do no damage.
Terence is severely wounded.
Terence seems less confused.
Terence closely misses you.
You hit Terence.
Terence is almost dead.
Terence hits you with a +0 flail.
You closely miss Terence.
Terence is almost dead.
Terence hits you with a +0 flail.
* * * LOW HITPOINT WARNING * * *
Terence hits you with a +0 flail!
* * * LOW HITPOINT WARNING * * *
Casting: Mephitic Cloud (quite dangerous; 9% risk of failure)
Confirm with . or Enter, or press ? or * to list all spells.
You don't have enough health to cast this spell.
Unknown command.
Aiming: Shock (safe; 3% risk of failure)
Press: ? - help, Q - select action, (/) - cycle Shift-Dir - straight line, f/p - Terence
Aim: Terence, wielding a +0 flail and wearing a +0 chain mail (almost dead, 79% to hit)
The zap hits Terence but does no damage.
Terence is almost dead.
* * * LOW HITPOINT WARNING * * *
Terence hits you with a +0 flail!
You die...

#.# #+#
#.# #.#
#.# #.#
#.# #.#
#.# #.#
#.#
#.#####.#
#@......#
#@#######
###


You could see Terence.

Vanquished Creatures
  An adder (D:2)
  3 worms (D:2)
  6 dart slugs
  An orc (D:2)
  A ball python (D:1)
  An endoplasm (D:1)
  A giant cockroach (D:1)
  3 goblins (D:1)
  2 hobgoblins (D:1)
  2 quokkas
  5 bats
  5 frilled lizards
  6 kobolds
  4 rats
41 creatures vanquished.

Notes
Turn   | Place    | Note
-------+----------+-------------------------------------------
     0 | D:1      | RascalDebosk the Djinni Hedge Wizard began the quest for
                  | the Orb.
     0 | D:1      | RascalDebosk set off with the following spells memorised:
                  | Magic Dart, Slow, Blink, Call Imp, Cigotuvi's Dreadful Rot,
                  | Mephitic Cloud.
     0 | D:1      | Reached XP level 1. HP: 15/15 MP: 0/0
   216 | D:1      | Reached XP level 2. HP: 14/21 MP: 0/0
   273 | D:1      | Reached skill level 3 in Spellcasting
   571 | D:1      | Reached XP level 3. HP: 14/25 MP: 0/0
   571 | D:1      | Learned a level 1 spell: Shock
  1389 | D:2      | Reached XP level 4. HP: 22/31 MP: 0/0
  1910 | D:3      | Noticed Terence
  1929 | D:3      | Mangled by Terence

Illustrated notes

Levels and vault maps discovered:
D:1:      tarquinn_simple_flora_water_d, layout_basic, serial_aquarium,
          aquarium_bridge_straight [aquarium_subvault_bridge,
          aquarium_subvault_balcony, aquarium_subvault_bridge,
          aquarium_subvault_balcony], aquarium_window_1, aquarium_window_1,
          aquarium_window_1, aquarium_window_double, aquarium_view_2b
D:2:      layout_basic, basic_altar, minmay_misc_feat_enclosed,
          minmay_misc_feat_five, serial_bayou_pond_a
D:3:      layout_basic, grunt_ministairs_1, nicolae_titane, uniq_sigmund,
          uniq_terence

Skill      XL: |  1  2 |
---------------+-------+-----
Spellcasting   | 3 |  3.8
Dodging        | |  2.1
Stealth        | |  1.5

Action                   |  1- 3 |  4- 6 || total
-------------------------+-------+-------++-------
Melee: Falchion          |       |    10 ||    10
 Cast: Magic Dart        |    71 |       ||    71
       Shock             |    27 |    29 ||    56
       Slow              |     2 |     1 ||     3
       Mephitic Cloud    |       |     1 ||     1
 Stab: Confused          |       |     1 ||     1
Armor: Robe              |     3 |     1 ||     4
Dodge: Dodged            |     7 |     6 ||    13

Table legend: (Time is in decaauts)
 A = Elapsed time spent in this place.
 B = Non-inter-level travel time spent in this place.
 C = Inter-level travel time spent in this place.
 D = Time resting spent in this place.
 E = Time spent auto-exploring this place.
 F = Levels seen in this place.
 G = Mean time per level.
                   A        B        C        D        E       F      G
               +--------+--------+--------+--------+--------+-----+--------+
         Total |   1930 |   1885 |     45 |    221 |   1307 |   3 |  643.3 |
       Dungeon |   1930 |   1885 |     45 |    221 |   1307 |   3 |  643.3 |
               +--------+--------+--------+--------+--------+-----+--------+

Top non-repeatable levels by time:
     D:1: 1088 daAuts
     D:2: 725 daAuts
     D:3: 116 daAuts
